 Dungeon Crawl Stone Soup version 0.29.1 (webtiles) character file.

Game seed: 9957105041462977569

5586 Powertoast the Trooper (level 10, -2/104 HPs)
             Began as a Troll Transmuter on Sept 12, 2022.
             Was a Believer of Wu Jian.
             Slain by a boulder beetle (21 damage)
             ... on level 12 of the Dungeon.
             The game lasted 00:34:06 (6899 turns).

Powertoast the Trooper (Troll Transmuter)           Turns: 6899, Time: 00:34:07

Health: -2/104     AC:  9    Str: 20    XL:     10   Next: 45%
Magic:  0/10       EV: 14    Int: 15    God:    Wu Jian [**....]
Gold:   356        SH:  0    Dex: 14    Spells: 8/11 levels left

rFire   + . .      SeeInvis .   b - +3 hammer "Ehade" {freeze, rF+ rC+ Stlth+}
rCold   + . .      Faith    .   (no shield)
rNeg    . . .      Spirit   +   M - +0 acid dragon scales
rPois   .          Reflect  .   Q - +0 hat
rElec   .          Harm     .   h - +0 cloak
rCorr   +          Rampage  .   (gloves unavailable)
Will    .....                   (boots unavailable)
Stlth   ++........              u - amulet of guardian spirit
HPRegen 1.07/turn               K - +6 ring of intelligence
MPRegen 0.12/turn               m - +4 ring of evasion

@: no status effects
A: large, unfitting armour, claws 3, regeneration 1, shaggy fur 1, tough skin 1
a: Renounce Religion, Wall Jump


You were on level 12 of the Dungeon.
You worshipped Wu Jian.
Wu Jian was pleased with you.
You visited 2 branches of the dungeon, and saw 11 of its levels.
You also visited: Ossuary.

You collected 466 gold pieces.
You spent 110 gold pieces at shops.

Inventory:

Hand Weapons
 b - the +3 hammer "Ehade" (weapon) {freeze, rF+ rC+ Stlth+}
   (You found it on level 2 of the Dungeon)

   It freezes those it strikes, dealing additional cold damage.
   It can also slow down cold-blooded creatures.
   rF:        It protects you from fire.
   rC:        It protects you from cold.
   Stlth:     It makes you more stealthy.
 D - a +1 dagger of electrocution
Missiles
 x - 2 boomerangs
 A - 12 poisoned darts
 B - 3 throwing nets
Armour
 a - a +0 robe
 c - +0 ice dragon scales
 f - a scarf of shadows
 h - a +0 cloak (worn)
 M - +0 acid dragon scales (worn)
 P - a +2 robe of fire resistance
 Q - a +0 hat (worn)
Jewellery
 g - a ring of protection from fire
 m - a +4 ring of evasion (right claw)
 s - a ring of magical power
 u - an amulet of guardian spirit (around neck)
 E - a ring of flight
 J - a ring of protection from fire
 K - a +6 ring of intelligence (left claw)
 N - a ring of see invisible
 R - a ring of willpower
Wands
 o - a wand of digging (10)
 w - a wand of roots (6)
 y - a wand of flame (10) (quivered)
 G - a wand of quicksilver (6)
Scrolls
 d - 2 scrolls of brand weapon
 e - 2 scrolls of enchant weapon
 j - 3 scrolls of silence
 k - 14 scrolls of teleportation
 r - 2 scrolls of immolation
 t - 2 scrolls of enchant armour
 C - 3 scrolls of amnesia
 F - a scroll of fog
Potions
 i - a potion of brilliance
 l - a potion of magic
 n - a potion of degeneration {unknown}
 p - 2 potions of attraction
 q - 6 potions of lignification
 v - 3 potions of berserk rage
 z - a potion of flight
 H - a potion of heal wounds {unknown}
 I - 6 potions of curing
 L - 4 potions of cancellation {unknown}
 O - a potion of haste


   Skills:
 + Level 7.8 Fighting
 - Level 7.0 Maces & Flails
 + Level 5.2 Throwing
 - Level 3.0 Armour
 - Level 3.0 Dodging
 - Level 5.0 Unarmed Combat
 - Level 1.2 Spellcasting
 - Level 4.0 Transmutations


You had 8 spell levels left.
You knew the following spells:

 Your Spells              Type           Power      Damage    Failure   Level
a - Beastly Appendage     Tmut           24%        N/A       6%          1
b - Wereblood             Tmut           12%        N/A       9%          2

Your spell library contained the following spells:

 Spells                   Type           Power      Damage    Failure   Level
 Necrotise                Necr           0%         1d4       30%         1
 Slow                     Hex            0%         N/A       30%         1
 Spider Form              Tmut/Pois      6%         N/A       38%         3
 Ozocubu's Armour         Ice            0%         N/A       67%         3
 Vampiric Draining        Necr           0%         2d6       67%         3
 Ice Form                 Ice/Tmut       6%         N/A       80%         4
 Summon Ice Beast         Ice/Summ       0%         N/A       97%         4
 Agony                    Necr           0%         N/A       100%        5
 Freezing Cloud           Conj/Ice/Air   0%         6-21      100%        5


Dungeon Overview and Level Annotations

Branches:
Dungeon (9/15)             Temple (1/1) D:5            Lair (0/5) D:8
Ossuary (visited)
    Orc: D:9-12

Altars:
Ashenzari
Cheibriados
Dithmenos
Elyvilon
Fedhas
Gozag
Hepliaklqana
Kikubaaqudgha
Makhleb
Nemelex Xobeh
Okawaru
Qazlal
Sif Muna
Trog
Uskayaw
Wu Jian
Xom
Yredelemnul
Zin
The Shining One

Shops:
D:2 ?   D:5 [


Innate Abilities, Weirdness & Mutations

You are too large for most types of armour.
You have claws for hands.
Your natural rate of healing is unusually fast.
You are covered in fur. (AC +1)
You have tough skin. (AC +1)


Message History

The boulder beetle is moderately wounded.
The boulder beetle leaps!
The boulder beetle curls into a ball and begins rolling!
You hear the faint crackling of a melting archway nearby.
You spin to attack the boulder beetle, but your attack speed is too slow for a blow to land.
The boulder beetle misses you.
The boulder beetle stops rolling and uncurls.
You hit the boulder beetle but do no damage.
You headbutt the boulder beetle, but do no damage.
The boulder beetle is moderately wounded.
The boulder beetle bites you!
* * * LOW HITPOINT WARNING * * *
You hit the boulder beetle but do no damage.
You claw the boulder beetle, but do no damage.
The boulder beetle is moderately wounded.
Your horns disappear.
Your talons disappear.
Your +0 hat unmelds from your body.
The boulder beetle misses you.
You hit the boulder beetle but do no damage.
The boulder beetle is moderately wounded.
The boulder beetle leaps!
You spin and attack the boulder beetle.
You hit the boulder beetle but do no damage.
The boulder beetle is moderately wounded.
The boulder beetle leaps!
The boulder beetle barely misses you.
You spin and attack the boulder beetle.
You completely miss the boulder beetle.
The boulder beetle is moderately wounded.
The boulder beetle bites you!
* * * LOW HITPOINT WARNING * * *
You hit the boulder beetle but do no damage.
The boulder beetle is moderately wounded.
The boulder beetle barely misses you. The boulder beetle closely misses you.
You sock the boulder beetle! You freeze the boulder beetle.
The boulder beetle is heavily wounded.
The boulder beetle bites you!
* * * LOW HITPOINT WARNING * * *
You hit the boulder beetle but do no damage.
The boulder beetle is moderately wounded.
The boulder beetle bites you!!
You die...

#.##.# ..## ##.##(#
... #...#.#
..#######
#.###..#####........
..............#...#
##..#..#.#......#
##...##........#
##.# #.B.[....#
#.###.:@.....#
.............##
##.###)........#
##............#
#........#.#.#
#..####...... #..#
....... #..# #####..
#.. .


You could see a boulder beetle.

Vanquished Creatures
  Erica (D:7)
  Pikel (D:7)
  Maggie (D:7)
  2 hornets
  A slime creature (D:12)
  2 wraiths
  Grum (D:8)
  A water moccasin (D:7)
  Duvessa (D:5)
  A black bear (D:5)
  2 sky beasts
  3 ice beasts
  4 wolves (D:8)
  2 ogres
  2 centaurs (D:8)
  2 lemures (D:7)
  A kobold brigand (D:7)
  5 bullfrogs
  3 scorpions
  Dowan (D:4)
  5 killer bees (D:7)
  A howler monkey (D:5)
  4 centaur zombies (Ossuary)
  A jelly (D:5)
  2 orc priests
  Crazy Yiuf (D:2)
  A gnoll bouda (D:6)
  2 hounds
  4 iguanas
  2 scorpion zombies (Ossuary)
  6 orc wizards
  A mummy (D:7)
  7 gnolls
  9 adders
  A shadow imp (D:6)
  4 white imps
  4 adder zombies (Ossuary)
  4 worms
  3 dart slugs
  17 orcs
  14 ball pythons
  10 endoplasms
  6 giant cockroaches
  A gnoll zombie (Ossuary)
  3 goblins
  4 hobgoblins
  A jackal (D:1)
  4 quokkas
  9 bats
  A frilled lizard (D:2)
  A goblin zombie (Ossuary)
  A hobgoblin zombie (Ossuary)
  9 kobolds
  6 orc zombies (Ossuary)
  7 rats
193 creatures vanquished.

Notes
Turn   | Place    | Note
-------+----------+-------------------------------------------
     0 | D:1      | Powertoast the Troll Transmuter began the quest for the
                  | Orb.
     0 | D:1      | Reached XP level 1. HP: 18/18 MP: 1/1
   145 | D:1      | Reached skill level 1 in Fighting
   234 | D:1      | Reached XP level 2. HP: 23/27 MP: 2/2
   608 | D:2      | Noticed a floating eye
   610 | D:2      | Found a faded altar of an unknown god.
   626 | D:2      | Reached XP level 3. HP: 30/33 MP: 3/3
   629 | D:2      | Noticed a golden eye
   758 | D:2      | Noticed a shining eye
   761 | D:2      | Noticed a golden eye
  1131 | D:2      | Reached XP level 4. HP: 42/42 MP: 4/4
  1157 | D:2      | Found Tutaoth's Magic Scroll Boutique.
  1164 | D:2      | Bought a scroll of identify for 20 gold pieces
  1164 | D:2      | Bought a scroll of teleportation for 30 gold pieces
  1164 | D:2      | Bought a scroll of identify for 20 gold pieces
  1164 | D:2      | Bought a scroll of identify for 20 gold pieces
  1164 | D:2      | Bought a scroll of identify for 20 gold pieces
  1274 | D:2      | Found a runed translucent door.
  1275 | D:2      | Noticed Crazy Yiuf
  1280 | D:2      | Killed Crazy Yiuf
  1284 | D:2      | Identified the +3 hammer "Ehade" {freeze, rF+ rC+ Stlth+}
  1540 | D:3      | Reached XP level 5. HP: 40/50 MP: 5/5
  1666 | D:3      | Reached skill level 1 in Maces & Flails
  1676 | D:3      | Found a glowing silver altar of Zin.
  1688 | D:3      | Found an ancient bone altar of Kikubaaqudgha.
  1707 | D:3      | Identified the +1 ring mail of the Thirteen Shrikes {rC++
                  | rN+++ Int-3}
  2031 | D:3      | Learned a level 2 spell: Wereblood
  2298 | D:4      | Got the Grimoire of Congealing Bewitchment
  2455 | D:4      | Reached skill level 5 in Unarmed Combat
  2650 | D:5      | Entered Level 5 of the Dungeon
  2650 | D:5      | Noticed an ice beast
  2669 | D:4      | Killed an ice beast
  2670 | D:4      | Reached XP level 6. HP: 44/61 MP: 3/6
  2813 | D:5      | Noticed Duvessa
  2828 | D:5      | Noticed Dowan
  2832 | D:5      | Killed Duvessa
  2833 | D:5      | Reached XP level 7. HP: 43/68 MP: 3/7
  3000 | D:5      | Found a staircase to the Ecumenical Temple.
  3011 | Temple   | Entered the Ecumenical Temple
  3142 | Temple   | Became a worshipper of the Wu Jian Council
  3434 | D:4      | Killed Dowan
  3531 | D:5      | Found Argus's Dragon-Slaying Spoils.
  3541 | D:5      | Reached XP level 8. HP: 45/79 MP: 4/8
  4067 | D:6      | Reached skill level 5 in Fighting
  4067 | D:6      | Reached skill level 5 in Maces & Flails
  4154 | D:6      | Reached skill level 1 in Armour
  4315 | D:6      | Noticed a hornet
  4321 | D:6      | Paralysed by a hornet for 1 turns
  4327 | D:6      | Killed a hornet
  4782 | D:7      | Reached * piety under Wu Jian
  4783 | D:7      | Reached XP level 9. HP: 36/88 MP: 5/9
  4836 | D:7      | Noticed Maggie
  4851 | D:7      | Killed Maggie
  5035 | D:7      | Noticed Pikel
  5095 | D:7      | Killed Pikel
  5096 | D:7      | Reached skill level 1 in Throwing
  5335 | D:7      | Found a snail-covered altar of Cheibriados.
  5602 | D:8      | Noticed Erica
  5613 | D:8      | HP: 4/92 [orc/+0 trident (5)]
  5739 | D:7      | Killed Erica
  5740 | D:7      | Reached XP level 10. HP: 14/102 MP: 2/10
  5936 | D:8      | Found a sand-covered staircase.
  5952 | Ossuary  | Entered an ossuary
  6015 | Ossuary  | Reached ** piety under Wu Jian
  6255 | D:8      | Found a staircase to the Lair.
  6298 | D:8      | Noticed Grum
  6718 | D:8      | Killed Grum
  6724 | D:8      | Reached skill level 5 in Throwing
  6835 | D:9      | You fall into a shaft and drop 3 floors!
  6837 | D:12     | Noticed a boulder beetle
  6899 | D:12     | Slain by a boulder beetle

Illustrated notes

Levels and vault maps discovered:
D:1:      dpeg_arrival_brainrot, layout_basic
D:2:      layout_loops_ring, hellmonk_ecumenical_altar_watching_god,
          serial_shops, shop, uniq_crazy_yiuf_cottage
D:3:      layout_loops_ring, mainiacjoe_overflow_large_starburst
D:4:      layout_cave_pools, minmay_snake_closets
D:5:      layout_cave_pools, minmay_temple_entry_hall,
          nicolae_shop_dragon_depot, minmay_circle_x, uniq_duvessa
D:6:      layout_loops_cross
D:7:      layout_loops_ring, chei_slow_surprise, uniq_maggie, uniq_pikel
D:8:      layout_gridville, lair_entry_dummy,
          lightli_ossuary_entry_decrepit_ruins, uniq_grum, uniq_erica
D:9:      layout_gridville, nicolae_vehumet_altar_sigil, serial_shops, shop
D:12:     hellmonk_destroyed_diamonds, layout_loops_ring,
          portal_ice_cave_entry_animals_and_master,
          hangedman_abyss_or_decor_slice
Temple:   mainiacjoe_temple_bowtie_tessellation

Skill      XL: |  1  2  3  4  5  6  7  8  9 10 |
---------------+-------------------------------+-----
Fighting       | 1 2 3 4 5 7 |  7.8
Unarmed Combat | 4 5 |  5.0
Maces & Flails | 2 3 5 6 7 |  7.0
Transmutations | 2 3 4 |  4.0
Armour         | 2 3 |  3.0
Dodging        | 3 |  3.0
Throwing       | 3 5 |  5.2
Spellcasting   | |  1.2

Action                   |  1- 3 |  4- 6 |  7- 9 | 10-12 || total
-------------------------+-------+-------+-------+-------++-------
Melee: Unarmed           |   106 |    49 |       |       ||   155
       Punch             |     1 |     3 |    10 |     3 ||    17
       Mace              |       |   107 |   309 |   194 ||   610
       Kick              |       |     2 |    14 |     2 ||    18
       Headbutt          |       |     2 |     5 |     1 ||     8
Throw: Dart              |       |     6 |       |       ||     6
       Boomerang         |       |       |    10 |       ||    10
 Cast: Beastly Appendage |       |     2 |     6 |     1 ||     9
Invok: Lunge             |       |       |    11 |     6 ||    17
       Whirlwind         |       |       |     7 |    68 ||    75
Evoke: Wand              |       |       |     1 |       ||     1
  Use: Scroll            |       |     7 |    13 |     2 ||    22
       Potion            |       |       |    10 |     1 ||    11
 Stab: Sleeping          |       |    13 |     1 |     1 ||    15
       Distracted        |       |       |     1 |       ||     1
Armor: Robe              |    47 |    48 |    17 |       ||   112
       Ice dragon scales |       |       |    52 |       ||    52
       Acid dragon scale |       |       |    38 |    78 ||   116
       Skin              |       |       |     5 |       ||     5
Dodge: Dodged            |    62 |   107 |   230 |   168 ||   567
